 Dungeon Crawl Stone Soup version 0.27-a0-1497-gf8f22f7954 (webtiles) character file.

Game seed: 12892160169123889278

945 Majang the Chopper (level 8, 0/62 HPs)
             Began as a Human Fighter on July 7, 2021.
             Was an Initiate of Makhleb.
             Slain by a yak (13 damage)
             ... on level 5 of the Dungeon.
             The game lasted 00:14:28 (4102 turns).

Majang the Chopper (Human Fighter)                  Turns: 4102, Time: 00:14:29

Health: 0/62       AC: 11    Str: 19    XL:     8   Next: 35%
Magic:  10/10      EV: 10    Int:  9    God:    Makhleb [......]
Gold:   212        SH:  6    Dex: 12    Spells: 7/7 levels left

rFire    . . .     SeeInvis .   a - +0 war axe
rCold    . . .     Faith    .   t - +2 buckler
rNeg     . . .     Spirit   .   b - +0 scale mail
rPois    .         Reflect  .   (no helmet)
rElec    .         Harm     .   j - +2 cloak
rCorr    .         Rampage  .   (no gloves)
Will     .....                  v - +0 pair of boots
Stlth    ..........             (no amulet)
HPRegen  0.20/turn              (no ring)
MPRegen  0.12/turn              (no ring)

@: brilliant, attractive, very slightly contaminated, invisible (expiring)
A: no striking features
a: Renounce Religion


You were on level 5 of the Dungeon.
You worshipped Makhleb.
Makhleb was noncommittal.
You visited 1 branch of the dungeon, and saw 5 of its levels.

You collected 212 gold pieces.

Inventory:

Hand Weapons
 a - a +0 war axe (weapon)
Missiles
 i - 34 poisoned darts (quivered)
 x - a throwing net
Armour
 b - a +0 scale mail (worn)
 c - a +0 kite shield
 j - a +2 cloak (worn)
 p - a +0 plate armour
 r - a scarf of shadows
 t - a +2 buckler (worn)
 v - a +0 pair of boots (worn)
Jewellery
 h - a ring of protection from cold
Wands
 y - a wand of flame (13)
Scrolls
 d - a scroll of enchant armour {unknown}
 f - 4 scrolls of identify {unknown}
 k - 2 scrolls of teleportation {unknown}
 m - a scroll of torment {unknown}
 n - a scroll of noise {unknown}
 w - a scroll of vulnerability {unknown}
 z - a scroll of magic mapping {unknown}
 A - a scroll of silence {unknown}
Potions
 e - a potion of invisibility
 l - a potion of resistance {unknown}
 u - a potion of lignification {unknown}


   Skills:
 + Level 5.2 Fighting
 * Level 6.5 Axes
 + Level 1.5 Throwing
 + Level 3.5 Armour
 + Level 1.4 Dodging
 + Level 3.5 Shields
 + Level 3.2 Invocations


You had 7 spell levels left.
You didn't know any spells.
Your spell library was empty.

Dungeon Overview and Level Annotations

Branches:
Dungeon (5/15)
 Temple: D:4-7

Altars:
Cheibriados
Makhleb
Qazlal
Trog
Xom

Shops:
D:3 (   D:4 [   D:5 :


Message History

The yak closely misses you.
You barely miss the yak.
The yak is severely wounded.
The yak gores you.
* * * LOW HITPOINT WARNING * * *
You strike the helpless yak from behind!
You slash the yak!
The yak is almost dead.
The yak gores you.
* * * LOW HITPOINT WARNING * * *
You feel better. You block the yak's attack.
You slash the yak!
You kill the yak!
Makhleb accepts your kill.
It was a potion of magic.
Magic courses through your body. The yak barely misses you.
It was a potion of brilliance.
You feel clever all of a sudden. The yak closely misses you.
It was a potion of attraction.
You feel attractive to monsters. The yak gores you.
* * * LOW HITPOINT WARNING * * *
You feel better. The yak gores you but does no damage.
The orc priest mumbles some strange prayers to Beogh against you.
The yak writhes in agony!
You slash the yak!
The yak is heavily wounded.
The yak barely misses you. The yak gores you but does no damage.
You hit the yak.
The yak is severely wounded.
The yak gores you!
* * * LOW HITPOINT WARNING * * *
You feel better. You block the yak's attack.
You barely miss the yak.
The yak is severely wounded.
You flicker for a moment.
The orc priest calls down the wrath of Beogh upon you.
The yak writhes in agony.
The yak gores you!
You die...

...........#.....#
...........'.....#
###..###...#..#..#
###..##########'##
Y#..>..# #...#
YY.....# #..o#
Y#.(...# ##5Y#
.#.....# ##Y#
##....## #@##
###### #..# ##.#
#.# #.# ##### #.##
###≈≈≈### #..#
##≈≈≈≈≈..## ##.#
#≈≈≈≈≈....####.#


You could see 2 yaks, an orc priest and an ufetubus.

Vanquished Creatures
  Grinder (D:4)
  2 yaks (D:5)
  An ice beast (D:4)
  A crimson imp (D:3)
  A bullfrog zombie (D:5)
  2 jellies (D:5)
  An iron imp (D:3)
  2 hounds
  An iguana (D:4)
  A howler monkey zombie (D:5)
  A gnoll (D:1)
  4 adders
  A white imp (D:5)
  2 worms (D:2)
  2 dart slugs
  An orc (D:4)
  3 endoplasms
  A giant cockroach (D:2)
  6 hobgoblins
  2 jackals (D:1)
  2 quokkas
  11 ball pythons
  5 bats
  4 frilled lizards (D:1)
  6 goblins
  4 kobolds
  5 rats
73 creatures vanquished.

Vanquished Creatures (others)
  A wizard (D:4)
1 creature vanquished.

Grand Total: 74 creatures vanquished

Notes
Turn   | Place    | Note
-------+----------+-------------------------------------------
     0 | D:1      | Majang the Human Fighter began the quest for the Orb.
     0 | D:1      | Reached XP level 1. HP: 18/18 MP: 1/1
    39 | D:1      | Reached XP level 2. HP: 4/24 MP: 2/2
   498 | D:1      | Reached XP level 3. HP: 29/29 MP: 3/3
   538 | D:1      | Reached skill level 3 in Axes
  1648 | D:2      | Reached XP level 4. HP: 35/35 MP: 4/4
  1696 | D:2      | Noticed a shining eye
  1698 | D:2      | Found a faded altar of an unknown god.
  1699 | D:2      | Noticed an eye of devastation
  1699 | D:2      | Noticed a golden eye
  1699 | D:2      | Noticed a shining eye
  2381 | D:3      | Reached skill level 4 in Axes
  2381 | D:3      | Reached XP level 5. HP: 32/42 MP: 5/5
  2455 | D:3      | Found a snail-covered altar of Cheibriados.
  2590 | D:3      | Found Noejodgh's Antique Weapon Shoppe.
  2723 | D:3      | Found a burning altar of Makhleb.
  2723 | D:3      | Found a shimmering altar of Xom.
  2740 | D:3      | Became a worshipper of Makhleb the Destroyer
  3206 | D:4      | Reached skill level 1 in Invocations
  3206 | D:4      | Reached XP level 6. HP: 27/48 MP: 6/6
  3408 | D:4      | Found Puejoats's Armour Shop.
  3409 | D:4      | Noticed Grinder
  3409 | D:4      | Noticed an ice beast
  3424 | D:4      | Killed Grinder
  3425 | D:4      | Reached skill level 5 in Axes
  3425 | D:4      | Reached XP level 7. HP: 43/55 MP: 6/8
  3683 | D:4      | Found a bloodstained altar of Trog.
  3684 | D:4      | Noticed a wizard
  3690 | D:4      | Killed a wizard
  3755 | D:5      | Entered Level 5 of the Dungeon
  3762 | D:5      | Found a stormy altar of Qazlal.
  3800 | D:5      | Reached skill level 6 in Axes
  3803 | D:5      | Found Kaxa's Book Boutique.
  3810 | D:5      | Reached skill level 5 in Fighting
  4028 | D:5      | Noticed a yak
  4028 | D:5      | Noticed a yak
  4029 | D:5      | Noticed a yak
  4029 | D:5      | Noticed a yak
  4062 | D:5      | Killed a yak
  4063 | D:5      | Reached skill level 1 in Throwing
  4063 | D:5      | Reached skill level 1 in Dodging
  4063 | D:5      | Reached XP level 8. HP: 48/62 MP: 10/10
  4094 | D:5      | Killed a yak
  4100 | D:5      | HP: 2/62 [yak (10)]
  4102 | D:5      | Slain by a yak

Illustrated notes

Levels and vault maps discovered:
D:1:      ncdulo_watergridlock, layout_basic, minmay_tromino_v2
D:2:      layout_loops_cross, hellmonk_ecumenical_altar_watching_god
D:3:      layout_basic, grunt_temple_overflow_champion_of_chaos,
          chei_slow_surprise, serial_shops, shop
D:4:      layout_rooms, trog_wizard, serial_shops, nicolae_lakefront_shop,
          minmay_misc_feat_tower, uniq_grinder
D:5:      layout_gridville, nicolae_qazlal_general_emergency,
          minmay_temple_entry_proselytizer, serial_shops, shop,
          nicolae_underground_beach

Skill      XL: |  1  2  3  4  5  6  7 |
---------------+----------------------+-----
Axes           | 3 4 5 6 |  6.5
Fighting       | 4 5 |  5.2
Invocations    | 1 2 3 |  3.2
Throwing       | 1 |  1.5
Dodging        | 1 |  1.4
Armour         | |  3.5
Shields        | |  3.5

Action                   |  1- 3 |  4- 6 |  7- 9 || total
-------------------------+-------+-------+-------++-------
Melee: War axe           |    97 |    96 |    78 ||   271
Throw: Dart              |       |       |     1 ||     1
Evoke: Wand              |       |     2 |     5 ||     7
  Use: Potion            |       |     1 |     9 ||    10
 Stab: Invisible         |       |       |     3 ||     3
Armor: Scale mail        |    35 |    39 |    36 ||   110
Dodge: Dodged            |    28 |    26 |    42 ||    96
Block: Kite shield       |    50 |     6 |       ||    56
       Buckler           |       |    28 |    37 ||    65

Table legend: (Time is in decaauts)
 A = Elapsed time spent in this place.
 B = Non-inter-level travel time spent in this place.
 C = Inter-level travel time spent in this place.
 D = Time resting spent in this place.
 E = Time spent auto-exploring this place.
 F = Levels seen in this place.
 G = Mean time per level.
                   A        B        C        D        E       F      G
               +--------+--------+--------+--------+--------+-----+--------+
         Total |   4210 |   4164 |     46 |   1099 |   2192 |   5 |  842.0 |
       Dungeon |   4210 |   4164 |     46 |   1099 |   2192 |   5 |  842.0 |
               +--------+--------+--------+--------+--------+-----+--------+

Top non-repeatable levels by time:
     D:1: 1190 daAuts
     D:2: 982 daAuts
     D:4: 921 daAuts
     D:3: 754 daAuts
     D:5: 361 daAuts
